 Dungeon Crawl Stone Soup version 0.21.1-1-g345015fe64 (webtiles) character file.

20 Osmon the Sneak (level 2, -2/19 HPs)
             Began as a Vampire Enchanter on July 8, 2018.
             Slain by Terence
             ... wielding a +0 hand axe
              (4 damage)
             ... on level 2 of the Dungeon.
             The game lasted 00:20:35 (986 turns).

Osmon the Sneak (Vampire Enchanter)                  Turns: 986, Time: 00:20:35

Health: -2/19      AC:  5    Str:  7    XL:     2   Next: 58%
Magic:  5/5        EV: 10    Int: 17    God:
Gold:   63         SH:  0    Dex: 14    Spells: 2/5 levels left

rFire    . . .     SeeInvis +   a - +1 dagger
rCold    . . .     Gourm    .   (no shield)
rNeg     + . .     Faith    .   m - +0 ring mail
rPois    .         Spirit   .   (no helmet)
rElec    .         Reflect  .   (no cloak)
rCorr    .         Harm     .   (no gloves)
MR       .....                  (no boots)
Stlth    ++........             (no amulet)
HPRegen  0.06/turn              (no ring)
MPRegen  0.09/turn              (no ring)

@: no status effects
A: fangs 3, see invisible, unbreathing
a: no special abilities


You were on level 2 of the Dungeon.
You were not thirsty.

You visited 1 branch of the dungeon, and saw 2 of its levels.

You collected 63 gold pieces.

Inventory:

Hand Weapons
 a - a +1 dagger (weapon)
 g - a +0 dagger
 i - a +0 hand axe
 l - a +0 dagger
 n - a +0 spear
 p - a cursed -3 dagger
Missiles
 e - 35 stones (quivered)
Armour
 m - a +0 ring mail (worn)
Scrolls
 k - a scroll of magic mapping
 o - a scroll of teleportation {unknown}
 q - a scroll of enchant armour {unknown}
Potions
 d - a potion of blood
 f - a potion of agility {unknown}
 h - a potion of cancellation {unknown}
Books
 c - a book of Maledictions

   Spells                             Type                      Level
   a - Corona                         Hexes                        1
   b - Ensorcelled Hibernation        Hexes/Ice                    2
   c - Confuse                        Hexes                        3
   d - Tukima's Dance                 Hexes                        3
   e - Dazzling Spray                 Conjuration/Hexes            3
Comestibles
 j - a ration


   Skills:
 + Level 1.2 Short Blades
 + Level 2.2 Dodging
 + Level 4.9 Stealth
 + Level 2.3 Spellcasting
 + Level 4.8 Hexes


You had 2 spell levels left.
You knew the following spells:

 Your Spells              Type           Power        Failure   Level  Hunger
a - Corona                Hex            ###....      9%          1    #......
b - Ensorcelled Hibernat  Hex/Ice        ##....       36%         2    ##.....


Dungeon Overview and Level Annotations

Branches:
Dungeon (2/15)

Altars:

Annotations:
D:2 Terence


Innate Abilities, Weirdness & Mutations

You have razor-sharp teeth.
You have supernaturally acute eyesight. (SInv)
You can survive without breathing.


Message History

Terence closely misses you. Terence closely misses you.
Casting: Ensorcelled Hibernation
Confirm with . or Enter, or press ? or * to list all spells.
Aiming: Corona
Press: ? - help, Shift-Dir - straight line, f - Terence
Aim: Terence, wielding a hand axe and wearing a ring mail (chance to defeat MR: 65%) Terence barely resists.
Terence says, "Don't bother to defend, it's useless."
Terence hits you with a hand axe.
* * * LOW HITPOINT WARNING * * *
There is a stone staircase leading down here.
Terence barely misses you.
You climb downwards.
There is a stone staircase leading up here.
As you read the scroll labeled VEDIXE MYUKA, it crumbles to dust.
It is a scroll of identify.
k - a scroll of magic mapping Terence hits you with a hand axe.
You die...

####### ##### #.....# #...#
#.....# ##########.#.#######
##...†.####..........#.......#
.....[....#.#######..#######.#
.......$..........<..#######.#
##......#...####@##.##.......#
###.##.##### #@#...#.#######
#. #..........###.#.# #.
..########.# #...# #. ..# #.#
##### ...# #.# ...# #.# #.#
#.#


You could see Terence.

Vanquished Creatures
  A worm (D:2)
  A dart slug (D:1)
  A giant cockroach (D:1)
  5 goblins (D:1)
  A hobgoblin (D:1)
  2 kobolds
  A bat (D:1)
  2 rats
14 creatures vanquished.

Notes
Turn   | Place    | Note
-------+----------+-------------------------------------------
     0 | D:1      | Osmon the Vampire Enchanter began the quest for the Orb.
     0 | D:1      | Reached XP level 1. HP: 13/13 MP: 3/3
   225 | D:1      | Reached XP level 2. HP: 14/19 MP: 5/5
   404 | D:1      | Learned a level 2 spell: Ensorcelled Hibernation
   883 | D:2      | Noticed Terence
   986 | D:2      | Slain by Terence

Action                   || total
-------------------------++-------
Melee: Dagger            ||    72
       Bite              ||     3
 Cast: Ensorcelled Hiber ||     1
       Corona            ||     1
  Use: Scroll            ||     1
 Stab: Sleeping          ||     3
  Eat: Corpse            ||     4
Armor: Robe              ||     2
       Ring mail         ||     6
Dodge: Dodged            ||    37
